 Dungeon Crawl Stone Soup version 0.19.0-22-gd96e5fe (webtiles) character file.

113574 tboon the Blocker (level 15, -7/139 HPs)
             Began as a Minotaur Fighter on Nov 17, 2016.
             Was a High Priest of Okawaru.
             Killed from afar by Nikola (15 damage)
             ... with a chain lightning
             ... on level 4 of the Swamp on Nov 19, 2016.
             The game lasted 01:25:28 (20128 turns).

tboon the Blocker (Minotaur Fighter)               Turns: 20128, Time: 01:25:28

Health: -7/139     AC: 33    Str: 21    XL:     15   Next: 80%
Magic:  21/21      EV: 12    Int:  8    God:    Okawaru [*****.]
Gold:   1838       SH: 14    Dex: 13    Spells: 0 memorised, 14 levels left

rFire  . . .     SeeInvis +     v - +11 mace "Neackak" {protect, MR++}
rCold  . . .     Gourm    .     d - +1 plate armour
rNeg   . . .     Faith    .     c - +0 shield
rPois  +         Spirit   .     l - +2 hat {SInv}
rElec  .         Reflect  .     U - +1 cloak {rPois}
rCorr  .         Harm     .     r - +1 pair of gloves {archery}
MR     ++++.                    N - +0 pair of boots {Fly}
Stlth  ..........               y - amulet of regeneration {+regen, !d}
                                G - +5 ring of evasion
                                Y - ring of protection from magic {MR+, !d}

@: protection aura, flying
A: retaliatory headbutt, horns 2
a: Heroism, Finesse, Renounce Religion, Stop Flying
}: 1/15 runes: decaying


You were on level 4 of the Swamp.
You worshipped Okawaru.
Okawaru was extremely pleased with you.
You were not hungry.

You visited 4 branches of the dungeon, and saw 20 of its levels.
You also visited: Sewer.

You collected 1838 gold pieces.

Inventory:

Hand Weapons
 s - a cursed -2 broad axe
   (You found it on level 4 of the Lair of Beasts)
 v - the +11 mace "Neackak" (weapon) {protect, MR++}
   (You found it on level 7 of the Dungeon)

   It protects the one who uses it against injury (+AC on strike).
   It affects your resistance to hostile enchantments.
 T - a +2 battleaxe of freezing
   (Okawaru gifted it to you on level 1 of the Swamp)
Armour
 c - a +0 shield (worn)
 d - a +1 plate armour (worn)
   (You found it on level 4 of the Dungeon)
 i - the +5 ring mail of Infinity {rElec rPois Str+2 Int+6, unknown}
   (You found it on level 4 of the Swamp)

   It affects your strength (+2).
   It affects your intelligence (+6).
   It insulates you from electricity.
   It protects you from poison.
 l - a +2 hat of see invisible (worn)
   (Okawaru gifted it to you on level 1 of the Lair of Beasts)
 n - a +2 pair of boots
   (You found it on level 2 of the Dungeon)
 r - a +1 pair of gloves of archery (worn)
   (Okawaru gifted it to you on level 4 of the Lair of Beasts)
 I - a +0 chain mail of positive energy
   (Okawaru gifted it to you on level 4 of the Swamp)
 N - a +0 pair of boots of flying (worn)
   (Okawaru gifted it to you on level 9 of the Dungeon)
 U - a +1 cloak of poison resistance (worn)
   (Okawaru gifted it to you on level 5 of the Lair of Beasts)
Jewellery
 a - an uncursed ring of fire {rF+, rC-}
   (You found it on level 3 of the Swamp)
 j - an uncursed ring of resist corrosion
   (You found it on level 4 of the Swamp)
 y - an amulet of regeneration (around neck) {+regen, !d}
   (You found it on level 5 of the Dungeon)
 F - an uncursed ring of protection from cold {rC+, !d}
   (You found it on level 8 of the Dungeon)
 G - a +5 ring of evasion (right hand)
   (You found it on level 9 of the Dungeon)
 Y - a ring of protection from magic (left hand) {MR+, !d}
   (You found it on level 2 of the Swamp)
Wands
 E - a wand of disintegration (12/24)
   (You found it on level 3 of the Lair of Beasts)
Scrolls
 b - a scroll of acquirement
 e - 5 scrolls of teleportation
 h - a scroll of enchant weapon
 k - 2 scrolls of identify
 m - 5 scrolls of fear
 p - a scroll of summoning
 q - 7 scrolls of remove curse
 A - a scroll of magic mapping {unknown}
 C - a scroll of silence {unknown}
 M - 2 scrolls of recharging
 P - a scroll of blinking {!r}
 Q - a scroll of fog
 V - 2 scrolls of enchant armour
Potions
 t - 6 potions of brilliance
 x - 5 potions of magic
 z - 9 potions of curing
 B - 2 potions of agility
 D - 2 potions of berserk rage {!q}
 H - 2 potions of cancellation {unknown}
 R - 3 potions of resistance
Miscellaneous
 u - a phantom mirror
Comestibles
 f - 7 bread rations
 g - 5 beef jerkies
 o - 15 meat rations
 w - 30 fruits
 J - 2 chunks of flesh


   Skills:
 + Level 14.6 Fighting
 - Level 14.2(16.0) Axes
 * Level 12.9(15.3) Maces & Flails
 + Level 14.7 Armour
 + Level 14.8 Shields
 + Level 10.5 Invocations


You had 14 spell levels left.
You didn't know any spells.

Dungeon Overview and Level Annotations

Branches:
Dungeon (9/15)             Temple (1/1) D:4            Lair (6/6) D:9
  Swamp (4/4) Lair:4        Snake (0/4) Lair:4        Slime (0/5) Lair:5
    Orc: D:9-12

Altars:
Dithmenos
Elyvilon
Gozag
Kikubaaqudgha
Okawaru
Qazlal
Ru
Sif Muna
Trog
Uskayaw
Xom
Zin
The Shining One

Shops:
D:5 *

Annotations:
Swamp:4 Nikola


Innate Abilities, Weirdness & Mutations

You reflexively headbutt those who attack you in melee.
You have a pair of horns on your head.


Message History

The zap misses you.
Nikola casts a spell.
Nikola blinks!
You see here a chain mail.
You gain the combat prowess of a mighty hero.
You block Nikola's attack.
You hit Nikola.
Your weapon exudes an aura of protection.
Nikola is lightly wounded.
Nikola gestures at you while chanting. The zap hits you!
You sock Nikola! You headbutt Nikola!
Nikola is lightly wounded.
You hit Nikola.
Nikola is lightly wounded.
Nikola asks, "Are you insulated?"
Nikola hits you with a rapier of electrocution.
You are electrocuted!
You thump Nikola! You headbutt Nikola.
Nikola is moderately wounded.
Nikola casts a spell.
Nikola blinks!
Nikola gestures wildly while chanting.
Nikola blinks!
Nikola points at you and mumbles some strange words.
The zap misses you.
You sock Nikola!
Your weapon exudes an aura of protection.
Nikola is moderately wounded.
Nikola gestures wildly while chanting.
Nikola blinks!
You feel like a meek peon again.
Nikola splashes around in the water.
You sock Nikola!
Your weapon exudes an aura of protection.
Nikola is moderately wounded.
You closely miss Nikola.
Nikola is moderately wounded.
Nikola gestures wildly while chanting.
Nikola blinks!
You sock Nikola!
Your weapon exudes an aura of protection.
Nikola is moderately wounded.
You thump Nikola!
Nikola is heavily wounded.
Nikola mumbles some strange words.
Nikola blinks!
Nikola mumbles some strange words.
Nikola blinks!
Nikola casts a spell.
You hear a mighty clap of thunder!
The lightning arc hits you!
The lightning arc hits Nikola.
The lightning arc hits you!
The lightning arc hits Nikola.
The lightning arc hits you!
You hear a shout! x2; You hear a deafening roar!
You closely miss Nikola. You headbutt Nikola.
Nikola is heavily wounded.
You sock Nikola!
Nikola is heavily wounded.
Nikola hits you but does no damage.
You are electrocuted!
You bludgeon Nikola!! You headbutt Nikola.
Nikola is severely wounded.
Nikola mumbles some strange words.
Nikola blinks!
Nikola raves, "Can you feel it? Can you feel it?
CAN YOU FEEL IT?"
A spriggan rider comes into view. It is wielding a spear.
The spriggan rider shouts!
Nikola mumbles, "Hm, I wonder if you're conductive."
You block the spriggan rider's attack.
Nikola yells, "Danger!
Danger!
High voltage!"
Nikola splashes around in the water.
You bludgeon Nikola!!
Nikola is almost dead.
You block the spriggan rider's attack.
You hit Nikola.
Nikola is almost dead.
Nikola hits you but does no damage. You block the spriggan rider's attack.
You barely miss Nikola. Your headbutt misses Nikola.
Nikola is almost dead.
Nikola gestures wildly while chanting.
Nikola blinks!
The spriggan rider hits you but does no damage.
Nikola asks, "Are you insulated?" You block the spriggan rider's attack.
A spriggan comes into view. It is wielding a dagger.
You thump Nikola!
Nikola is almost dead.
Your plate armour prevents you from hitting Nikola.
You headbutt Nikola!
Nikola is almost dead.
The spriggan rider hits you but does no damage.
Nikola mumbles some strange words.
You hear a mighty clap of thunder!
The lightning arc hits you!
* * * LOW HITPOINT WARNING * * *
The lightning arc hits the spriggan rider.
The lightning arc hits you!
* * * LOW HITPOINT WARNING * * *
The lightning arc hits Nikola.
The lightning arc hits you!
You die...

♣≈≈≈. ♣♣♣♣..♣≈≈≈≈≈≈≈<≈♣ ♣≈..
♣......≈≈≈≈♣....♣♣ ≈ ♣♣♣≈.
♣♣.≈≈...♣♣♣♣.♣.≈.≈♣ ≈≈
♣≈i..♣♣♣≈≈≈≈≈≈.♣ ♣♣♣.≈≈♣♣ ≈≈≈
♣.≈≈...≈≈≈≈.♣♣ ♣♣≈≈.♣ ≈≈≈≈
♣♣.≈≈≈≈≈≈....♣ ♣...≈ ≈≈≈.%
♣≈§≈≈≈≈....≈≈♣♣ ♣♣...≈
♣.≈≈♣..≈i≈≈≈≈.≈≈≈≈♣♣♣♣≈≈≈.≈
♣.§....≈≈≈@≈≈.≈≈≈.♣≈♣♣♣.≈.≈
♣♣♣......@...§≈≈≈..≈.≈..≈♣)
♣...≈≈[≈♣.≈≈≈..≈≈≈≈≈..§...
....≈≈≈≈≈♣≈§≈≈..≈≈≈≈≈≈...≈§≈
≈≈≈≈≈≈≈≈≈...≈≈≈..≈...≈.♣≈..≈≈
≈≈≈≈≈.≈♣♣♣♣♣♣.≈♣♣♣♣♣...♣♣...≈
.≈≈≈≈≈≈♣♣♣ ♣♣♣♣≈♣ ♣♣♣...≈≈≈≈
♣..≈≈.♣♣.♣♣♣..†♣♣ ♣♣...≈≈≈≈
.≈≈.♣ ♣...≈..♣♣ ♣♣..[.≈≈.≈


You could see Nikola, a spriggan rider and a spriggan.

Vanquished Creatures
  2 thorn hunters
  An azure jelly (Lair:5)
  The ghost of WimpyRanger the Imperceptible, a journeyman OpEn of Gozag (Swamp:2)
  A fire dragon (Lair:6)
  Josephine (Lair:5)
  14 hydras
  A centaur warrior (D:6)
  A ghost crab (Swamp:4)
  3 ice dragons (Lair:4)
  9 alligators
  2 death yaks
  An unseen horror (D:9)
  9 swamp dragons
  2 spriggan druids
  2 hill giants (D:9)
  3 shambling mangroves
  A necromancer (D:9)
  A wolf spider (Lair:6)
  A deep elf mage (D:9)
  6 ugly things
  6 black mambas
  The ghost of dang3rdave the Basher, a novice GrBe of Trog (D:6)
  5 elephants (Lair:2)
  Psyche (D:8)
  A torpor snail (Lair:5)
  A guardian serpent (Lair:6)
  23 spiny frogs
  5 rime drakes
  8 komodo dragons
  8 tyrant leeches
  4 polar bears (D:8)
  2 two-headed ogres
  11 hornets
  26 blink frogs
  16 slime creatures
  16 bog bodies
  Prince Ribbit (Lair:2)
  11 hippogriffs
  Sigmund (D:4)
  4 redbacks (Lair:6)
  3 spriggans
  4 shadows
  3 wyverns (Lair:6)
  3 basilisks
  5 wraiths (Lair:5)
  29 yaks
  2 steam dragons (Lair:6)
  19 vampire mosquitoes
  2 mottled dragons (Lair:6)
  21 swamp worms
  7 insubstantial wisps
  30 water moccasins
  3 orc warriors
  7 porcupines
  20 swamp drakes
  A phantom (D:9)
  18 ice beasts
  6 black bears
  An eye of draining (D:9)
  23 wolves
  5 ogres
  3 centaurs
  14 crocodiles
  6 big kobolds
  17 bullfrogs
  2 gnoll sergeants
  4 scorpions
  A wyvern skeleton (D:9)
  14 killer bees
  5 wights
  3 jellies
  An electric eel (Lair:4)
  7 crimson imps
  A quasit (D:9)
  A bullfrog zombie (D:6)
  A gnoll shaman (D:9)
  14 hounds
  8 orc priests
  11 orc wizards
  A bullfrog skeleton (D:9)
  9 iguanas
  Ijyb (D:2)
  11 worker ants
  6 hell rats (Lair:3)
  A killer bee zombie (D:5)
  A hound zombie (D:9)
  A hound skeleton (D:7)
  A worker ant zombie (D:8)
  Robin (D:4)
  16 gnolls
  22 adders
  2 river rats (Sewer)
  2 shadow imps (D:9)
  5 oozes
  3 adder skeletons
  2 worms (Sewer)
  A dart slug (D:2)
  7 leopard geckos
  27 orcs
  8 ball pythons
  9 giant cockroaches
  4 hobgoblins
  5 jackals
  19 kobolds
  2 quokkas (D:8)
  2 bats (D:1)
  3 frilled lizards
  A giant cockroach zombie (D:6)
  16 goblins
  A leopard gecko skeleton (D:5)
  A quokka zombie (D:5)
  11 rats
740 creatures vanquished.

Vanquished Creatures (others)
  A hydra (Swamp:4)
  A swamp drake (Swamp:4)
  8 fungi
  11 plants (Lair:6)
21 creatures vanquished.

Grand Total: 761 creatures vanquished

Notes
Turn   | Place    | Note
-------+----------+-------------------------------------------
     0 | D:1      | tboon the Minotaur Fighter began the quest for the Orb.
     0 | D:1      | Reached XP level 1. HP: 19/19 MP: 0/0
   535 | D:1      | Reached XP level 2. HP: 26/27 MP: 1/1
   792 | D:2      | Noticed Ijyb
   794 | D:2      | Reached skill level 4 in Shields
   817 | D:2      | Killed Ijyb
   817 | D:2      | Reached skill level 3 in Axes
   817 | D:2      | Reached skill level 4 in Armour
   817 | D:2      | Reached XP level 3. HP: 20/33 MP: 2/2
   948 | D:2      | Reached skill level 4 in Fighting
  1115 | D:2      | Found a faded altar of an unknown god.
  1257 | D:2      | Reached XP level 4. HP: 37/40 MP: 3/3
  1873 | D:3      | Found a glowing drain.
  1880 | Sewer    | Entered a sewer
  2058 | Sewer    | Noticed a big kobold
  2091 | Sewer    | Killed a big kobold
  2091 | Sewer    | Reached skill level 4 in Axes
  2091 | Sewer    | Reached skill level 5 in Armour
  2091 | Sewer    | Reached XP level 5. HP: 22/47 MP: 4/4
  2497 | Sewer    | Reached skill level 5 in Shields
  2633 | Sewer    | Reached skill level 5 in Fighting
  2633 | Sewer    | Reached XP level 6. HP: 53/56 MP: 5/5
  3119 | D:4      | Reached XP level 7. HP: 61/61 MP: 6/6
  3187 | D:4      | Identified Nol Qued's Spellweaving, Part One
  3200 | D:4      | Noticed Sigmund
  3212 | D:4      | Killed Sigmund
  3212 | D:4      | Reached skill level 5 in Axes
  3212 | D:4      | Reached skill level 6 in Armour
  3212 | D:4      | Reached skill level 6 in Shields
  3281 | D:4      | Found a staircase to the Ecumenical Temple.
  3301 | Temple   | Entered the Ecumenical Temple
  3334 | Temple   | Became a worshipper of Warmaster Okawaru
  3472 | D:4      | Noticed Robin
  3509 | D:4      | Killed Robin
  3509 | D:4      | Reached skill level 6 in Fighting
  3693 | D:5      | Entered Level 5 of the Dungeon
  3839 | D:5      | Found Gustrih's Assorted Antiques.
  4040 | D:5      | Reached * piety under Okawaru
  4071 | D:5      | Reached skill level 6 in Axes
  4071 | D:5      | Reached XP level 8. HP: 71/71 MP: 7/7
  4160 | D:5      | Got a creamy pearl robe
  4237 | D:5      | Reached skill level 7 in Shields
  4389 | D:5      | Reached skill level 7 in Armour
  4771 | D:6      | Noticed dang3rdave's ghost (novice GrBe)
  4814 | D:6      | Killed dang3rdave's ghost
  4814 | D:6      | Reached skill level 7 in Fighting
  4923 | D:6      | Reached skill level 7 in Axes
  4963 | D:6      | Noticed a centaur warrior
  4974 | D:6      | Killed a centaur warrior
  4974 | D:6      | Reached ** piety under Okawaru
  4974 | D:6      | Reached skill level 8 in Armour
  4974 | D:6      | Reached skill level 8 in Shields
  4974 | D:6      | Reached XP level 9. HP: 54/81 MP: 5/8
  5071 | D:6      | Reached skill level 8 in Fighting
  5115 | D:6      | Reached skill level 8 in Axes
  5121 | D:6      | Reached *** piety under Okawaru
  5184 | D:6      | Found a faded altar of an unknown god.
  5184 | D:6      | Found a faded altar of an unknown god.
  5190 | D:6      | Found a shadowy altar of Dithmenos.
  5193 | D:6      | Found a faded altar of an unknown god.
  5195 | D:6      | Found a faded altar of an unknown god.
  5636 | D:7      | Received a gift from Okawaru
  5636 | D:7      | Reached skill level 9 in Armour
  5636 | D:7      | Reached skill level 9 in Shields
  5644 | D:7      | Got a polished mace
  5695 | D:7      | Reached skill level 9 in Fighting
  5710 | D:7      | Reached skill level 9 in Axes
  5844 | D:7      | Reached XP level 10. HP: 91/91 MP: 7/9
  5873 | D:7      | Reached **** piety under Okawaru
  5882 | D:7      | Identified the +11 mace "Neackak" {protect, MR++} (You found it on level 7 of the Dungeon)
  6005 | D:7      | Reached skill level 1 in Maces & Flails
  6005 | D:7      | Reached skill level 1 in Invocations
  6273 | D:8      | HP: 22/91 [orc priest/divine providence (13)]
  6286 | D:8      | HP: 17/91 [orc priest/divine providence (10)]
  6287 | D:8      | HP: 6/91 [orc priest/divine providence (12)]
  6300 | D:8      | HP: 19/91 [centaur (7)]
  6565 | D:8      | Reached skill level 2 in Invocations
  6572 | D:8      | Reached skill level 2 in Maces & Flails
  6973 | D:8      | Found a huge runed gate.
  6974 | D:8      | Found a huge runed gate.
  7039 | D:8      | Found a huge runed gate.
  7040 | D:8      | Found a huge runed gate.
  7041 | D:8      | Noticed a death yak
  7180 | D:8      | Noticed Psyche
  7189 | D:8      | Killed Psyche
  7189 | D:8      | Received a gift from Okawaru
  7189 | D:8      | Reached skill level 10 in Armour
  7189 | D:8      | Reached skill level 10 in Shields
  7365 | D:8      | Killed a death yak
  7365 | D:8      | Reached skill level 3 in Maces & Flails
  7365 | D:8      | Reached skill level 3 in Invocations
  7376 | D:8      | Reached skill level 10 in Axes
  7380 | D:8      | Reached skill level 10 in Fighting
  7407 | D:8      | Reached ***** piety under Okawaru
  7407 | D:8      | Reached XP level 11. HP: 99/99 MP: 10/12
  7414 | D:8      | Reached skill level 4 in Maces & Flails
  7620 | D:9      | Found a staircase to the Lair.
  7846 | D:9      | Reached skill level 4 in Invocations
  7950 | D:9      | Received a gift from Okawaru
  7980 | D:9      | Noticed a hill giant
  7988 | D:9      | Killed a hill giant
  8194 | D:9      | Killed an unseen horror
  8194 | D:9      | Reached skill level 5 in Maces & Flails
  8352 | D:9      | Noticed a necromancer
  8360 | D:9      | Killed a necromancer
  8360 | D:9      | Reached skill level 11 in Shields
  8372 | D:9      | Reached skill level 11 in Armour
  8456 | D:9      | Noticed a deep elf mage
  8467 | D:9      | Killed a deep elf mage
  8477 | D:9      | Noticed a five-headed hydra
  8488 | D:9      | Killed a five-headed hydra
  8597 | D:9      | Noticed a hill giant
  8607 | D:9      | Killed a hill giant
  8607 | D:9      | Reached skill level 11 in Axes
  8607 | D:9      | Reached skill level 5 in Invocations
  8855 | D:9      | Reached skill level 11 in Fighting
  8919 | Lair:1   | Entered Level 1 of the Lair of Beasts
  9310 | Lair:1   | Reached skill level 6 in Maces & Flails
  9359 | Lair:1   | Reached XP level 12. HP: 86/110 MP: 15/15
  9554 | Lair:1   | Received a gift from Okawaru
  9743 | Lair:2   | Noticed Prince Ribbit
  9760 | Lair:2   | Killed Prince Ribbit
  9830 | Lair:2   | Got a slimy iron ring
 10079 | Lair:2   | Reached skill level 6 in Invocations
 10561 | Lair:2   | Reached skill level 7 in Maces & Flails
 10606 | Lair:2   | You are sucked into a shaft!
 10796 | Lair:3   | Noticed a death yak
 10825 | Lair:3   | Killed a death yak
 10829 | Lair:3   | Reached skill level 12 in Shields
 10851 | Lair:3   | Reached skill level 12 in Armour
 10934 | Lair:3   | Reached skill level 12 in Axes
 11420 | Lair:3   | Identified the cursed ring of Jaodaq {rN+ MR- EV-2 Int+2 Dex+3 SInv} (You found it on level 2 of the Lair of Beasts)
 11589 | Lair:4   | Found a staircase to the Snake Pit.
 11614 | Lair:4   | Reached skill level 12 in Fighting
 11650 | Lair:4   | Reached XP level 13. HP: 100/118 MP: 17/17
 11741 | Lair:4   | Reached skill level 8 in Maces & Flails
 11773 | Lair:4   | Reached ****** piety under Okawaru
 11811 | Lair:4   | Received a gift from Okawaru
 11811 | Lair:4   | Reached skill level 7 in Invocations
 12717 | Lair:4   | Found a staircase to the Swamp.
 12925 | Lair:4   | Upgraded the game from 0.19.0-20-gbc5f0c6 to 0.19.0-22-gd96e5fe
 13096 | Lair:5   | Noticed Josephine
 13110 | Lair:5   | Killed Josephine
 13110 | Lair:5   | Reached skill level 9 in Maces & Flails
 13110 | Lair:5   | Reached skill level 13 in Shields
 13292 | Lair:5   | Found a staircase to the Slime Pits.
 13317 | Lair:5   | Noticed an azure jelly
 13329 | Lair:5   | Killed an azure jelly
 13329 | Lair:5   | Received a gift from Okawaru
 13329 | Lair:5   | Reached skill level 8 in Invocations
 13456 | Lair:5   | Reached skill level 13 in Armour
 13976 | Lair:6   | Entered Level 6 of the Lair of Beasts
 14026 | Lair:6   | Reached skill level 13 in Axes
 14189 | Lair:6   | Reached skill level 13 in Fighting
 14189 | Lair:6   | Reached XP level 14. HP: 124/129 MP: 19/19
 14424 | Lair:6   | Reached skill level 10 in Maces & Flails
 15532 | Lair:6   | Reached skill level 9 in Invocations
 15536 | Lair:6   | Received a gift from Okawaru
 15804 | Swamp:1  | Entered Level 1 of the Swamp
 15838 | Swamp:1  | Received a gift from Okawaru
 16876 | Swamp:2  | Noticed WimpyRanger's ghost (journeyman OpEn)
 16881 | Swamp:2  | Received a gift from Okawaru
 16897 | Swamp:2  | Killed WimpyRanger's ghost
 16906 | Swamp:2  | Reached skill level 14 in Armour
 16979 | Swamp:2  | Reached skill level 11 in Maces & Flails
 16992 | Swamp:2  | Paralysed by a hornet for 2 turns
 17011 | Swamp:2  | Reached skill level 14 in Axes
 17146 | Swamp:2  | Identified a scroll of acquirement
 17440 | Swamp:2  | Reached skill level 14 in Shields
 17851 | Swamp:3  | Reached XP level 15. HP: 137/137 MP: 21/21
 17916 | Swamp:3  | HP: 30/137 [hornet[a shambling mangrove] (9)]
 17918 | Swamp:3  | HP: 6/137 [red ugly thing (17)]
 18189 | Swamp:3  | Received a gift from Okawaru
 18412 | Swamp:3  | Reached skill level 14 in Fighting
 18796 | Swamp:3  | Noticed a thorn hunter
 18808 | Swamp:3  | Killed a thorn hunter
 18837 | Swamp:4  | Entered Level 4 of the Swamp
 18861 | Swamp:4  | Reached skill level 10 in Invocations
 19143 | Swamp:4  | Reached skill level 12 in Maces & Flails
 19189 | Swamp:4  | Got an ichor-stained ring mail
 19446 | Swamp:4  | Noticed Nikola
 19507 | Swamp:4  | Received a gift from Okawaru
 19600 | Swamp:4  | Noticed a thorn hunter
 19610 | Swamp:4  | Killed a thorn hunter
 19702 | Swamp:4  | Got a decaying rune of Zot
 20128 | Swamp:4  | HP: 25/139 [Nikola/chain lightning (33)]
 20128 | Swamp:4  | HP: 8/139 [Nikola/chain lightning (17)]
 20128 | Swamp:4  | Killed from afar by Nikola

Skill      XL: |  1  2  3  4  5  6  7  8  9 10 11 12 13 14 15 |
---------------+----------------------------------------------+-----
Shields        | 4 5 6 8 9 10 11 12 13 14 | 14.8
Axes           | 3 4 6 7 9 10 11 12 13 14 | 14.2
Armour         | 4 5 6 8 9 10 11 12 13 14 | 14.7
Fighting       | 4 5 6 7 9 10 11 12 13 14 | 14.6
Maces & Flails | 3 6 7 9 11 12 | 12.9
Invocations    | 3 5 6 8 9 10 | 10.5

Action                   |  1- 3 |  4- 6 |  7- 9 | 10-12 | 13-15 || total
-------------------------+-------+-------+-------+-------+-------++-------
Melee: War axe           |    85 |   157 |   328 |     9 |       ||   579
       Headbutt          |    11 |    30 |    58 |   163 |   413 ||   675
       Mace              |       |       |       |   827 |  1723 ||  2550
Throw: Javelin           |       |       |       |    13 |    57 ||    70
Invok: Heroism           |       |       |     4 |    11 |    20 ||    35
       Finesse           |       |       |       |       |     8 ||     8
  Use: Scroll            |       |     9 |    10 |     7 |    10 ||    36
       Potion            |       |       |     3 |     2 |     5 ||    10
 Stab: Confused          |       |       |       |       |     1 ||     1
  Eat: Chunk             |     1 |     5 |     8 |    17 |    20 ||    51
       Royal jelly       |       |     1 |       |       |     2 ||     3
       Pizza             |       |       |     1 |     1 |     3 ||     5
       Fruit             |       |       |       |     1 |     1 ||     2
Armor: Scale mail        |    44 |    64 |     1 |       |       ||   109
       Plate armour      |       |       |   233 |   479 |   844 ||  1556
Dodge: Dodged            |    27 |    47 |    88 |   304 |   665 ||  1131
Block: Shield            |    46 |    71 |   220 |   614 |  1122 ||  2073

Vault maps used:
D:1:      dpeg_arrival_arbitrary_c
D:2:      ecumenical_altar_2, uniq_iyjb
D:3:      gup_sewer_entry_bubbles, serial_park_tiny_pond
D:4:      uniq_robin, uniq_sigmund
D:5:      kennysheep_spiral_hall, first_bread, serial_shops,
          nicolae_shop_behind_doors
D:6:      chequers_temple_overflow_minitemple, minmay_three_doors
D:8:      lemuel_bear_cage, grunt_decor_cap, hangedman_decor_lopped, uniq_psyche
D:9:      minmay_quarter_circles, lair_0_dummy
Temple:   regret_index_temple_chain_breaker
Lair:1:   wad_woods_road_01, nicolae_quartered_pool_little, serial_bayou_pond_e,
          bh_autumn_forest_stairs
Lair:2:   lemuel_fruit_fields, uniq_prince_ribbit2
Lair:3:   grunt_forest_large_clearings, lemuel_fruit_fields
Lair:4:   nicolae_swamp_entry_splash_gauntlet, minmay_snake_entry_six_corridors,
          minmay_guarded_unrand_chilly_death
Lair:5:   minmay_slime_entry_pillars, uniq_josephine
Lair:6:   hangedman_lair_tendril_chambers, guppyfry_lair_end_dragon
Swamp:1:  evilmike_swamp_ruin_rubble_2
Swamp:2:  evilmike_swamp_ruin_house_1
Swamp:3:  hangedman_swamp_ruin_hall, infiniplex_staircase_pool
Swamp:4:  grunt_swamp_rune_castle, swamp_pool1, uniq_nikola
Sewer:    sewer_co_tree

Table legend:
 A = Turns spent in this place as a percentage of turns spent in the entire game.
 B = Non-inter-level travel turns spent in this place as a percentage of non-inter-level travel turns spent in the entire game.
 C = Inter-level travel turns spent in this place as a percentage of turns spent in this place.
 D = Turns resting spent in this place as a percentage of non-inter-level travel turns spent in this place.
 E = Turns spent auto-exploring this place as a percentage of non-inter-level travel turns spent in this place.
 F = Non-inter-level travel turns spent in this place divided by the number of levels of this place that you've seen.
                   A       B       C       D       E      F
               +-------+-------+-------+-------+-------+----------------------
         Total | 100.0 | 100.0 |   0.3 |   2.2 |   5.9 | 337.7
       Dungeon |  35.3 |  35.3 |   0.5 |   1.8 |   7.2 | 278.0
        Temple |   0.2 |   0.2 |   6.7 |   0.0 |  64.3 |  14.0
          Lair |  31.0 |  31.1 |   0.2 |   2.3 |   6.6 | 367.2
         Swamp |  27.7 |  27.7 |   0.3 |   2.4 |   3.6 | 491.8
         Sewer |   5.7 |   5.7 |   0.0 |   3.0 |   3.0 | 405.0
               +-------+-------+-------+-------+-------+----------------------

Table legend:
 A = Kills in this place as a percentage of kills in entire the game.
 B = Kills by you in this place as a percentage of kills by you in the entire game.
 C = Kills by friends in this place as a percentage of kills by friends in the entire game.
 D = Other kills in this place as a percentage of other kills in the entire game.
 E = Experience gained in this place as a percentage of experience gained in the entire game.
 F = Experience gained in this place divided by the number of levels of this place that you have seen.
                   A       B       C       D       E      F
               +-------+-------+-------+-------+-------+----------------------
         Total | 100.0 | 100.0 |  -nan |  -nan | 100.0 | 6841.8
       Dungeon |  37.8 |  37.8 |  -nan |  -nan |  13.5 | 2148.4
          Lair |  36.5 |  36.5 |  -nan |  -nan |  42.5 | 10177.5
         Swamp |  21.9 |  21.9 |  -nan |  -nan |  43.7 | 15692.0
         Sewer |   3.8 |   3.8 |  -nan |  -nan |   0.4 | 509.0
               +-------+-------+-------+-------+-------+----------------------
